 Dungeon Crawl Stone Soup version 0.25-a0-670-g50981ef59b (webtiles) character file.

Game seed: 11575440072717490306, levelgen mode: deterministic

24 MisterFreud the Vexing (level 2, -2/13 HPs)
             Began as a Felid Enchanter on Mar 29, 2020.
             Slain by a jackal (3 damage)
             ... on level 2 of the Dungeon.
             The game lasted 00:03:13 (2006 turns).

MisterFreud the Vexing (Felid Enchanter)            Turns: 2006, Time: 00:03:14

Health: -2/13      AC:  1    Str:  4    XL:     2   Next: 79%
Magic:  0/6        EV: 18    Int: 16    God:
Gold:   51         SH:  0    Dex: 16    Spells: 2/5 levels left
                                        Lives:  0   Deaths: 0

rFire    . . .     SeeInvis +     - Unarmed
rCold    . . .     Gourm    .   (shield unavailable)
rNeg     . . .     Faith    .   (armour unavailable)
rPois    .         Spirit   .   (helmet unavailable)
rElec    .         Reflect  .   (cloak unavailable)
rCorr    .         Harm     .   (gloves unavailable)
MR       .....                  (boots unavailable)
Stlth    ++++......             (no amulet)
HPRegen  0.04/turn              d - ring of stealth
MPRegen  0.10/turn              (no ring)

@: very slightly contaminated, quick
A: very small, no armour, no weapons or thrown items, stealth, claws 1, fangs 3,
see invisible, carnivore, speed 1, shaggy fur 1, slow metabolism 1, sharp paws
a: no special abilities


You were on level 2 of the Dungeon.
You were full.

You visited 1 branch of the dungeon, and saw 2 of its levels.

You collected 51 gold pieces.

Inventory:

Jewellery
 d - a ring of stealth (left paw)
Scrolls
 a - 2 scrolls of remove curse {unknown}
 f - a scroll of enchant weapon {unknown}
 g - 3 scrolls of identify {unknown}
 i - a scroll of teleportation {unknown}
Potions
 c - a potion of cancellation {unknown}
 e - a potion of degeneration {unknown}
 h - a potion of flight {unknown}
 j - a potion of resistance {unknown}
Comestibles
 b - 2 rations


   Skills:
 + Level 2.5 Fighting
 - Level 2.6 Dodging
 - Level 4.0 Stealth
 - Level 1.0 Unarmed Combat
 - Level 2.0 Spellcasting
 - Level 4.4 Hexes


You had 2 spell levels left.
You knew the following spells:

 Your Spells              Type           Power        Failure   Level  Hunger
a - Corona                Hex            ###....      3%          1    #......
b - Ensorcelled Hibernat  Hex/Ice        #.....       13%         2    ###....

Your spell library contained the following spells:

 Spells                   Type           Power        Failure   Level  Hunger
 Confusing Touch          Hex            ###.....     11%         3    ###....
 Tukima's Dance           Hex            ###.....     11%         3    ###....
 Dazzling Flash           Conj/Hex       #.....       26%         3    ###....


Dungeon Overview and Level Annotations

Branches:
Dungeon (2/15)

Altars:


Innate Abilities, Weirdness & Mutations

You cannot wear armour.
You are incapable of wielding weapons or throwing items.
Your paws allow you to move quietly. (Stealth)
You have sharp claws.
You have razor-sharp teeth.
You have supernaturally acute eyesight. (SInv)
You are carnivorous and can eat meat at any time.
You cover ground quickly.
You are covered in fur. (AC +1)
You have a slow metabolism.
Your sharp claws are effective at attacking unaware monsters.


Message History

Aiming: Ensorcelled Hibernation (safe; 13% risk of failure)
Press: ? - help, Shift-Dir - straight line, f/p - jackal
Aim: a jackal (chance to defeat MR: 57%)
You miscast Ensorcelled Hibernation.
You are very lightly contaminated with residual magic.
You feel uncomfortably cold.
The jackal bites you but does no damage.
The jackal bites you.
* * * LOW HITPOINT WARNING * * *
Found a dagger.
Casting: Ensorcelled Hibernation (safe; 13% risk of failure)
Confirm with . or Enter, or press ? or * to list all spells.
Aiming: Ensorcelled Hibernation (safe; 13% risk of failure)
Press: ? - help, Shift-Dir - straight line, f/p - jackal
Aim: a jackal (chance to defeat MR: 57%)
The jackal resists with significant effort.
The jackal bites you.
* * * LOW HITPOINT WARNING * * *
The jackal bites you.
You die...

#[..††... #..
#.###...# #..
###.# #...# #...
#.#.# #...# ...
..#.# #...# ...
+#####.#.###h.>#
#.##.
...#.#.....#.#
#.).#
#.#....####h# #@#
##...##...##.#
#h###.....(.#.##.#
#(..h.#.###.#..h.#
#####.....#.######
#.#.#.#.# ###
#.#.#.#.# #<#
#.#.# #.# #.#
#...# ..# #..
##### ###


You could see a jackal.

Vanquished Creatures
  A ball python (D:2)
  2 bats (D:2)
  A giant cockroach (D:2)
  3 hobgoblins (D:1)
  2 jackals (D:2)
  6 kobolds
  2 frilled lizards (D:1)
  2 goblins (D:2)
  2 rats (D:1)
21 creatures vanquished.

Notes
Turn   | Place    | Note
-------+----------+-------------------------------------------
     0 | D:1      | MisterFreud the Felid Enchanter began the quest for the
                  | Orb.
     0 | D:1      | Reached XP level 1. HP: 7/7 MP: 4/4
   101 | D:1      | Reached skill level 1 in Fighting
   976 | D:1      | Reached XP level 2. HP: 13/13 MP: 6/6
   980 | D:1      | Learned a level 2 spell: Ensorcelled Hibernation
  2006 | D:2      | Slain by a jackal

Levels and vault maps discovered:
D:1:      elethiomel_arrival_maze, layout_loops_corners, minmay_pentomino_w2
D:2:      layout_basic, grunt_decor_cap

Skill      XL: |  1  2 |
---------------+-------+-----
Fighting       | 1 2 |  2.5
Dodging        | |  2.6
Stealth        | |  4.0
Unarmed Combat | |  1.0
Spellcasting   | |  2.0
Hexes          | |  4.4

Action                   || total
-------------------------++-------
Melee: Unarmed           ||    93
       Bite              ||     8
       Punch             ||     1
 Cast: Corona            ||    10
       Ensorcelled Hiber ||     7
 Stab: Sleeping          ||     8
  Eat: Chunk             ||     6
Armor: Skin              ||     6
Dodge: Dodged            ||    88

Table legend:
 A = Non-vault XP
 B = Vault XP
 C = Vault XP percentage of total XP
 D = Non-vault monster count
 E = Vault monster count
 F = Vault count percentage of total count
                 A         B        C        D         E       F
            +---------+---------+-------+---------+---------+-------
      Total |      32 |       3 |   8.6 |      19 |       2 |   9.5
            +---------+---------+-------+---------+---------+-------
        D:1 |      15 |       3 |  16.7 |       9 |       2 |  18.2
        D:2 |      17 |       0 |   0.0 |      10 |       0 |   0.0
            +---------+---------+-------+---------+---------+-------
